 Dungeon Crawl Stone Soup version 0.17-a0-737-gf0a300a (webtiles) character file.

510 Ngotmuk the Shield-Bearer (level 6, -1/57 HPs)
             Began as a Deep Dwarf Fighter on May 9, 2015.
             Was an Initiate of Ru.
             Slain by a river rat (3 damage)
             ... in a sewer.
             The game lasted 00:04:09 (2450 turns).

Ngotmuk the Shield-Bearer (Deep Dwarf Fighter)      Turns: 2450, Time: 00:04:09

Health: -1/57      AC:  7    Str: 22    XL:     6   Next: 98%
Magic:  6/6        EV:  7    Int:  8    God:    Ru [......]
Gold:   182        SH: 10    Dex: 12    Spells: 0 memorised, 5 levels left

rFire  . . .     SeeInvis .     a - +0 war axe
rCold  . . .     Clarity  .     b - +0 scale mail
rNeg   . . .     SustAb   .     c - +0 shield
rPois  .         Gourm    .     (no helmet)
rElec  .         Spirit   .     (no cloak)
rCorr  .         Warding  .     (no gloves)
rMut   .         Stasis   .     (no boots)
MR     .....                    (no amulet)
Stlth  ..........               (no ring)
                                (no ring)

@: non-regenerating, not resistant to hostile enchantments, extremely unstealthy
A: damage resistance, recharge devices, sense surroundings 1, slow healing 3
a: Device Recharging, Renounce Religion


You were in a sewer.
You worshipped Ru.
Ru was noncommittal.
You were hungry.

You visited 1 branch of the dungeon, and saw 4 of its levels.
You also visited: Sewer.

You collected 182 gold pieces.

Inventory:

Hand weapons
 a - a +0 war axe (weapon)
Armour
 b - a +0 scale mail (worn)
 c - a +0 shield (worn)
Jewellery
 n - an uncursed amulet of resist mutation {unknown}
 z - an uncursed amulet of resist corrosion {unknown}
Magical devices
 e - a wand of heal wounds (1)
Scrolls
 h - 4 scrolls of identify {unknown}
 i - a scroll of enchant armour {unknown}
 j - a scroll of noise {unknown}
 q - a scroll of magic mapping {unknown}
 r - a scroll of immolation {unknown}
 t - a scroll of enchant weapon {unknown}
 v - a scroll of teleportation {unknown}
 w - 3 scrolls of remove curse {unknown}
 x - a scroll of blinking {unknown}
 y - 2 scrolls of fear {unknown}
 A - a scroll of fog {unknown}
Potions
 d - a potion of might
 g - a potion of lignification {unknown}
 o - a potion of invisibility {unknown}
 p - 2 potions of poison {unknown}
 s - 2 potions of curing {unknown}
 u - a potion of cancellation {unknown}
 B - a potion of ambrosia {unknown}
 C - 2 potions of heal wounds {unknown}
 D - a potion of magic {unknown}
 E - a potion of brilliance {unknown}
Comestibles
 f - a bread ration
 k - 4 fruits
 l - 2 slices of pizza
 m - 2 beef jerkies


   Skills:
 + Level 4.3 Fighting
 + Level 4.3 Axes
 + Level 5.0 Armour
 + Level 5.4 Shields


You had 5 spell levels left.
You didn't know any spells.

Dungeon Overview and Level Annotations

Branches:
Dungeon (4/15)
 Temple: D:4-7

Altars:
Gozag
Nemelex Xobeh
Ru
Zin


Innate Abilities, Weirdness & Mutations

You are resistant to damage.
You can recharge devices by infusing magical energy.
You passively map a small area around you.
You do not heal naturally.


Message History

You kill the rat!
The river rat bites you but does no damage.
The river rat bites you!
* * * LOW HITPOINT WARNING * * *
You closely miss the river rat.
The river rat is lightly wounded.
You closely miss the river rat.
The river rat is lightly wounded.
The river rat barely misses you. The river rat bites you.
* * * LOW HITPOINT WARNING * * *
Your unstable footing causes you to fumble your attack.
The river rat bites you but does no damage.
The river rat closely misses you. The river rat barely misses you.
You block the river rat's attack.
Your shield and scale mail prevent you from hitting the river rat.
The river rat is lightly wounded.
You barely miss the river rat.
The river rat is lightly wounded.
The river rat bites you.
You die...

#### #..# #..' ####
#####################.
###.≈≈≈≈≈≈≈≈≈≈≈≈≈≈≈≈≈...
*#....≈≈≈≈≈≈≈.≈≈≈≈≈≈≈≈...
#....≈≈≈†≈≈≈)≈.≈≈≈≈≈≈≈...
.....rr≈@≈≈†..≈≈≈≈≈≈≈≈≈..
......≈rr≈≈≈≈.≈≈≈≈≈≈≈≈...
....≈≈≈≈≈≈≈≈≈≈≈≈≈≈≈≈≈..#
...#####################
* .. * * , * * ,


You could see 2 river rats and 2 rats.

Vanquished Creatures
  The ghost of Bikaver the Ducker, an average OpFE (D:4)
  A scorpion (D:4)
  2 orc wizards
  A worker ant (D:4)
  7 adders
  4 river rats (Sewer)
  3 worms (D:2)
  2 giant geckos
  11 orcs
  6 bats
  3 giant cockroaches
  4 hobgoblins
  10 jackals
  5 kobolds
  A quokka (D:2)
  4 ball pythons
  A giant gecko skeleton (D:4)
  4 giant newts
  10 goblins
  38 rats
118 creatures vanquished.

Notes
Turn   | Place    | Note
--------------------------------------------------------------
     0 | D:1      | Ngotmuk, the Deep Dwarf Fighter, began the quest for the Orb.
     0 | D:1      | Reached XP level 1. HP: 20/20 MP: 1/1
   165 | D:1      | Reached XP level 2. HP: 17/27 MP: 2/2
   625 | D:2      | Reached XP level 3. HP: 13/33 MP: 3/3
   760 | D:2      | Reached skill level 4 in Shields
   837 | D:2      | Reached XP level 4. HP: 22/42 MP: 4/4
  1333 | D:3      | Found a sacrificial altar of Ru.
  1341 | D:3      | Found a sparkling altar of Nemelex Xobeh.
  1351 | D:3      | Became a worshipper of Ru the Awakened
  1377 | D:3      | Reached XP level 5. HP: 9/49 MP: 5/5
  1732 | D:3      | Found a glowing silver altar of Zin.
  1732 | D:3      | Found an opulent altar of Gozag.
  2167 | D:4      | Reached XP level 6. HP: 20/57 MP: 6/6
  2180 | D:4      | Noticed Bikaver's ghost (average OpFE)
  2196 | D:4      | Killed Bikaver's ghost
  2196 | D:4      | Reached skill level 5 in Shields
  2258 | D:4      | Found a glowing drain.
  2271 | Sewer    | Entered a sewer
  2360 | Sewer    | Reached skill level 5 in Armour
  2448 | Sewer    | HP: 2/57 [river rat (1)]
  2450 | Sewer    | Slain by a river rat

Action                   |  1- 3 |  4- 6 || total
-------------------------+-------+-------++-------
Melee: War axe           |   143 |   185 ||   328
Invok: Reject Sacrifices |       |     1 ||     1
Evoke: Wand              |     1 |     3 ||     4
  Eat: Meat ration       |       |     1 ||     1
